 Dungeon Crawl Stone Soup version 0.31.0-9-g3a7656b989 (webtiles) character file.

Game seed: 14539245522240224162

94 qw the Shooter (level 4, -8/22 HPs)
             Began as a Spriggan Hunter on Feb 2, 2024.
             Mangled by a hell rat (16 damage)
             ... in a sewer.
             The game lasted 00:00:06 (1641 turns).

qw the Shooter (Spriggan Hunter)                    Turns: 1641, Time: 00:00:07

Health: -8/22      AC:  2    Str:  7    XL:     4   Next: 38%
Magic:  5/5        EV: 20    Int: 10    God:
Gold:   127        SH:  0    Dex: 20    Spells: 3/3 levels left

rFire   . . .        a - +0 shortbow (chaos)
rCold   . . .        (shield currently unavailable)
rNeg    . . .        c - +0 robe
rPois   .            (helmet restricted)
rElec   .            (no cloak)
rCorr   .            (gloves unavailable)
SInv    +            (boots unavailable)
Will    .....        e - amulet of the acrobat
Stlth   +            (no ring)
HPRegen 0.23/turn    (no ring)
MPRegen 0.09/turn

%: acrobat
@: slow
A: very small, no large weapons, unfitting armour, see invisible, speed 3
a: no special abilities


You were in a sewer.
You visited 1 branch of the dungeon, and saw 3 of its levels.
You also visited: Sewer.

You collected 127 gold pieces.


Innate Abilities, Weirdness & Mutations

You are very small and have problems with some larger weapons.
You are too small for most types of armour.
You have supernaturally acute eyesight. (SInv)
You cover ground extremely quickly. (Speed+++)


   Skills:
 - Level 1.5 Fighting
 - Level 5.1 Ranged Weapons
 + Level 4.7 Dodging
 - Level 1.5 Stealth


You had 3 spell levels left.
You didn't know any spells.
Your spell library was empty.

Inventory:

Hand Weapons
 a - a +0 shortbow of chaos (weapon)
Armour
 c - a +0 robe (worn)
Jewellery
 e - an amulet of the acrobat (around neck)
Scrolls
 b - a scroll of enchant armour
 h - 2 scrolls of teleportation
Potions
 d - a potion of might {unknown}

Dungeon Overview and Level Annotations

Branches:
Dungeon (3/15)              Sewer (1/1)

Altars:

Shops:
D:1 :


Message History

A rat comes into view.
The rat squeaks loudly.
You shoot an arrow. The arrow hits the rat.
The rat is severely wounded.
You shoot an arrow. The arrow closely misses the rat.
You shoot an arrow. The arrow hits the rat!
You kill the rat!
You see here a rat corpse.
You enter the shallow water.
Moving in this stuff is going to be slow.
You enter the shallow water.
Moving in this stuff is going to be slow.
Things that are here:
a rat corpse; a rat corpse You enter the shallow water.
Moving in this stuff is going to be slow.
You enter the shallow water.
Moving in this stuff is going to be slow.
You enter the shallow water.
Moving in this stuff is going to be slow.
As you open the door, it creaks loudly!
A hell rat comes into view.
You hear a loud squeak. x2
A rat comes into view.
A river rat comes into view.
Found three items.
Found a gate leading back out of this place.
You shoot an arrow.
The arrow hits the hell rat but does no damage.
The hell rat is poisoned.
You shoot an arrow. The arrow barely misses the river rat.
You shoot an arrow.
The arrow hits the hell rat but does no damage.
The hell rat is lightly wounded.
The hell rat bites you!
Ouch! That really hurt!
You shoot an arrow.
The arrow completely misses the hell rat.
The hell rat misses you. The hell rat bites you!
Ouch! That really hurt!
You die...

#..~~~\~.~~~###
~...~#####.~.%.#
~~.###?\
###.~.##
~~##~?)? ##%~.#
~ ~.~~~ #~%~#
~~~~ ##~.~# ~.
#~~ ###~..##
~~.r##r##~~.~.#
#~..r.~@~..~###
###.~....~###
#########


You could see a hell rat (poisoned), a river rat and a rat.

Vanquished Creatures
  2 adders
  2 river rats
  A ribbon worm (D:2)
  A dart slug (D:3)
  An orc (D:3)
  4 ball pythons
  4 endoplasms (D:1)
  2 giant cockroaches (D:3)
  6 goblins
  3 hobgoblins
  6 quokkas
  A bat (D:3)
  2 frilled lizards
  A kobold (D:2)
  17 rats
53 creatures vanquished.

Notes
Turn   | Place    | Note
-------+----------+-------------------------------------------
     0 | D:1      | qw the Spriggan Hunter began the quest for the Orb.
     0 | D:1      | Reached XP level 1. HP: 10/10 MP: 2/2
     0 | D:1      | 0 ||| qw: Version: 0.3-a-155-g5e7d8dd
     0 | D:1      | 0 ||| qw: Game counter: 2576
     0 | D:1      | 0 ||| qw: Melee chars always use a shield: true
     0 | D:1      | 0 ||| qw: God list: Okawaru
     0 | D:1      | 0 ||| qw: Allow faded altars: false
     0 | D:1      | 0 ||| qw: Do Orc after clearing Dungeon:15 true
     0 | D:1      | 0 ||| qw: Do second Lair branch before Depths: true
     0 | D:1      | 0 ||| qw: Lair rune preference: random
     0 | D:1      | 0 ||| qw: Goals: Normal
     0 | D:1      | 0 ||| PLANNING D:1-11
   219 | D:1      | Reached skill level 3 in Dodging
   224 | D:1      | Found Zuawn's Book Emporium.
   251 | D:1      | Reached XP level 2. HP: 14/14 MP: 3/3
   615 | D:1      | 615 ||| UPGRADING to amulet of the acrobat.
   620 | D:1      | 620 ||| READING scroll labelled ESEIMIO MOKORI.
   621 | D:1      | 621 ||| READING scroll labelled DOLUSE TIFEGGYMI.
   624 | D:1      | 624 ||| READING scroll labelled DEADAU EREO.
   625 | D:1      | 625 ||| READING scroll labelled BOM YMUMAMUODD.
   625 | D:1      | 625 ||| ENCHANTING +0 shortbow.
   626 | D:1      | 626 ||| READING scroll labelled RAENNO LESKEIZ.
   627 | D:1      | 627 ||| DROPPING scroll of butterflies.
   636 | D:2      | 636 ||| STAIRDANCE
   726 | D:2      | Reached XP level 3. HP: 13/18 MP: 4/4
   855 | D:2      | HP: 4/18 [kobold/+0 dagger (4)]
  1151 | D:2      | 1151 ||| READING scroll labelled MOEGAO DEWAEFF.
  1152 | D:2      | 1152 ||| READING scroll labelled SYFI ULEMIECW.
  1152 | D:2      | 1152 ||| BRANDING +0 shortbow.
  1193 | D:3      | 1193 ||| PLANNING SEWER
  1475 | D:3      | Reached skill level 5 in Ranged Weapons
  1537 | D:3      | Found a glowing drain.
  1576 | D:3      | Reached XP level 4. HP: 20/22 MP: 5/5
  1603 | Sewer    | Entered a sewer
  1641 | Sewer    | Mangled by a hell rat

Levels and vault maps discovered:
D:1:      lemuel_arrival_cross, layout_rooms, serial_shops, nicolae_shop_trees,
          chequers_serial_rivers_large_a
D:2:      layout_rooms, chequers_serial_rivers_micro_a, minmay_unequal
D:3:      layout_loops_corners, portal_sewer_entry_c
Sewer:    sewer_hellmonk_bad_rat

Skill      XL: |  1  2  3 |
---------------+----------+-----
Dodging        | 3 4 |  4.7
Ranged Weapons | 5 |  5.1
Fighting       | |  1.5
Stealth        | |  1.5

Action                     |  1- 3 |  4- 6 || total
---------------------------+-------+-------++-------
   Fire: Shortbow          |   118 |    32 ||   150
    Use: Scroll            |     7 |       ||     7
 Armour: Robe              |    16 |     4 ||    20
  Dodge: Dodged            |    51 |    11 ||    62

Table legend:
 A = Non-vault XP
 B = Vault XP
 C = Vault XP percentage of total XP
 D = Non-vault monster count
 E = Vault monster count
 F = Vault count percentage of total count
                 A         B        C        D         E       F
            +---------+---------+-------+---------+---------+-------
      Total |      72 |      63 |  46.7 |      35 |      18 |  34.0
            +---------+---------+-------+---------+---------+-------
        D:1 |      31 |       0 |   0.0 |      19 |       0 |   0.0
        D:2 |      12 |      22 |  64.7 |       7 |       4 |  36.4
        D:3 |      29 |      22 |  43.1 |       9 |       7 |  43.8
      Sewer |       0 |      19 | 100.0 |       0 |       7 | 100.0
            +---------+---------+-------+---------+---------+-------
